 Dungeon Crawl Stone Soup version 0.31-a0-986-g5e6e4ef867 (webtiles) character file.

Game seed: 15142670251019794503

1619 LeprechaunX the Changeling (level 8, -8/54 HPs)
             Began as an Octopode Shapeshifter on Nov 21, 2023.
             Was a High Priest of Qazlal.
             Killed by divine providence
             ... invoked by an orc priest
              (13 damage)
             ... on level 6 of the Dungeon.
             The game lasted 00:07:16 (4678 turns).

LeprechaunX the Changeling (Octopode Shapeshifter)  Turns: 4678, Time: 00:07:17

Health: -8/54      AC:  4    Str: 14    XL:     8   Next: 96%
Magic:  17/20      EV: 13    Int: 12    God:    Qazlal [*****.]
Gold:   321        SH: 11    Dex: 18    Spells: 7/7 levels left

rFire   + . .        n - +2 rapier (speed)
rCold   . . .        p - +0 buckler of Negation {Dex+5}
rNeg    + + .        (helmet currently unavailable)
rPois   +            (no amulet)
rElec   .            g - ring of poison resistance
rCorr   .            i - ring of positive energy
SInv    .            x - ring of protection from fire
Will    .....        y - ring of positive energy
Stlth   +            r - ring of magical power
HPRegen 0.29/turn    (no ring)
MPRegen 0.17/turn    (no ring)
                     (no ring)

%: repel missiles
@: beast-form, protected from physical damage
A: beast (slay +3), almost no armour, amphibious, 8 rings, camouflage 1,
gelatinous body 1, (nimble swimmer 1), tentacles
a: Begin Untransformation, Renounce Religion, Upheaval, Elemental Force,
Disaster Area


You were on level 6 of the Dungeon.
You worshipped Qazlal.
Qazlal was extremely pleased with you.
You were a hulking beast.
You visited 1 branch of the dungeon, and saw 6 of its levels.
You also visited: Sewer and Ossuary.

You collected 321 gold pieces.

Inventory:

Hand Weapons
 n - a +2 rapier of speed (weapon)
 s - a +0 sling
Armour
 p - the +0 buckler of Negation (worn) {Dex+5}
   (You found it on level 3 of the Dungeon)

   Dex+5:     It affects your dexterity (+5).
Jewellery
 g - a ring of poison resistance (left tentacle)
 i - a ring of positive energy (right tentacle)
 r - a ring of magical power (on tentacle)
 x - a ring of protection from fire (on tentacle)
 y - a ring of positive energy (on tentacle)
Talismans
 b - a beast talisman
 c - a flux talisman
Wands
 A - a wand of paralysis (7)
 G - a wand of digging (8)
Scrolls
 d - 3 scrolls of poison {unknown}
 e - 3 scrolls of enchant weapon {unknown}
 f - a scroll of enchant armour {unknown}
 h - 4 scrolls of identify {unknown}
 l - 2 scrolls of blinking
 q - a scroll of brand weapon {unknown}
 u - 2 scrolls of immolation {unknown}
 v - 2 scrolls of torment {unknown}
 w - a scroll of silence {unknown}
 C - 2 scrolls of revelation {unknown}
 D - 3 scrolls of teleportation {unknown}
 F - a scroll of summoning {unknown}
Potions
 a - a potion of lignification
 j - 2 potions of degeneration {unknown}
 k - a potion of berserk rage {unknown}
 m - a potion of might {unknown}
 o - a potion of enlightenment {unknown}
 t - 3 potions of curing {unknown}
 z - a potion of heal wounds {unknown}
 B - 2 potions of haste {unknown}
 E - 2 potions of attraction {unknown}


   Skills:
 + Level 4.5 Fighting
 - Level 2.0 Dodging
 + Level 4.0 Shields
 + Level 5.3 Unarmed Combat
 + Level 4.5 Invocations
 * Level 6.6 Shapeshifting


You had 7 spell levels left.
You didn't know any spells.
Your spell library contained the following spells:

 Spells                   Type           Power      Damage    Failure   Level
 Frozen Ramparts          Ice            0%         1d1       78%         3
 Gell's Gravitas          Tloc           0%         N/A       78%         3
 Teleport Other           Tloc           0%         N/A       78%         3
 Animate Dead             Necr           0%         N/A       99%         4
 Petrify                  Tmut/Erth      0%         N/A       99%         4
 Metabolic Englaciation   Hex/Ice        0%         N/A       100%        5
 Dispersal                Tloc           0%         N/A       100%        6
 Haunt                    Necr/Summ      0%         N/A       100%        7
 Infestation              Necr           0%         N/A       100%        8


Dungeon Overview and Level Annotations

Branches:
Dungeon (6/15)              Sewer (visited)         Ossuary (visited)
 Temple: D:4-7

Altars:
Dithmenos
Fedhas
Gozag
Nemelex Xobeh
Qazlal

Annotations:
D:4 3 runed translucent doors, MrSquiggles's ghost, amateur DsWn


Innate Abilities, Weirdness & Mutations

You are a hulking beast.
Your limbs bulge with bestial killing power. (Slay +3)
You cannot wear most types of armour.
You are amphibious.
You can wear up to eight rings at the same time.
Your skin changes colour to match your surroundings (Stealth+).
Your rubbery body absorbs attacks. (AC +1, EV +1)
((You are camouflaged when in or above water. (Stealth+)))
You have tentacles for arms and can constrict up to eight enemies at once.


Message History

You hit the orc warrior but do no damage.
The orc warrior is moderately wounded.
You constrict the orc warrior. You block the orc warrior's attack.
You hear some strange, mumbled words.
A magic dart appears from out of thin air!
The magic dart hits you!
You puncture the orc warrior!
The orc warrior is severely wounded.
You constrict the orc warrior.
The orc warrior hits you with a +0 battleaxe!
* * * LOW HITPOINT WARNING * * *
Something hits you.
* * * LOW HITPOINT WARNING * * *
You release your grip on the orc warrior.
Aiming: Upheaval
Press: ? - help, Dir - move target, f - orc warrior
Aim: an orc warrior, wielding a +0 battleaxe and wearing a +0 plate armour (severely wounded)
You fail to use your ability.
Unknown command.
Aiming: Upheaval
Press: ? - help, Dir - move target, f/p - orc warrior
Aim: an orc warrior, wielding a +0 battleaxe and wearing a +0 plate armour (severely wounded)
The ground shakes violently, spewing rubble!
The blast of rubble hits the orc warrior!!
You kill the orc warrior!
Qazlal accepts your kill.
The orc hits you with a +1 flail of holy wrath!
* * * LOW HITPOINT WARNING * * *
You feel more protected from physical attacks.
The orc priest mumbles some strange prayers to Beogh against you.
Pain shoots through your body!
* * * LOW HITPOINT WARNING * * *
Your Shields skill increases to level 4!
You hit the orc. You grab the orc. Your squeeze misses the orc.
The orc is severely wounded.
You constrict the orc, but do no damage.
You block the orc's attack.
The orc priest invokes the aid of Beogh against you.
Beogh smites you!
You die...

.?..........##.........
#............#........#
#...................###
##..................####
#..........#.........##.
#..............>..####.
###...°..○#...........##.
.......○..#.#.#........##
##....oh.#####[##(......
##....### ##<[....#..
###.).#.####......###.
#o...........†#.#.##.
...............#......
#.##.#....##....#......
... ..##[...#....†..###.
... #.. ...##......## .
.#. #.. ..###..#.....#


You could see an orc priest and an orc.

Vanquished Creatures
  An orc warrior (D:6)
  2 ice beasts (D:6)
  2 phantoms
  An elf zombie (Ossuary)
  A kobold brigand (D:5)
  Blork the orc (D:6)
  2 scorpions (D:5)
  3 bullfrogs
  2 howler monkeys
  2 hounds
  A human zombie (Ossuary)
  An orc priest (D:5)
  2 jellies
  Jessica (D:3)
  An iguana (D:5)
  A sleepcap (D:5)
  3 orc wizards
  2 mummies (Ossuary)
  4 gnolls (D:5)
  8 adders
  2 ufetubi (D:6)
  2 worms
  11 orcs
  8 endoplasms
  9 giant cockroaches
  6 goblins
  3 hobgoblins
  9 kobolds
  14 quokkas
  13 ball pythons
  3 bats
  11 frilled lizards
  4 goblin zombies (Ossuary)
  8 hobgoblin zombies (Ossuary)
  3 jackal zombies (Ossuary)
  8 kobold zombies (Ossuary)
  11 orc zombies (Ossuary)
  2 quokka zombies (D:5)
  4 rats
  A rat zombie (Ossuary)
173 creatures vanquished.

Notes
Turn   | Place    | Note
-------+----------+-------------------------------------------
     0 | D:1      | LeprechaunX the Octopode Shapeshifter began the quest for
                  | the Orb.
     0 | D:1      | Reached XP level 1. HP: 13/13 MP: 1/1
   186 | D:1      | Reached XP level 2. HP: 6/18 MP: 2/2
   371 | D:1      | Found a faded altar of an unknown god.
   470 | D:1      | Prayed at the altar of an unknown god.
   470 | D:1      | Became a worshipper of Qazlal Stormbringer
   470 | D:1      | Reached * piety under Qazlal
  1000 | D:2      | Reached XP level 3. HP: 19/23 MP: 3/3
  1684 | D:3      | Identified the +0 buckler of Negation {Dex+5}
  1745 | D:3      | Reached XP level 4. HP: 27/29 MP: 4/4
  1749 | D:3      | Reached skill level 1 in Invocations
  1749 | D:3      | Found a glowing drain.
  1761 | D:3      | Reached ** piety under Qazlal
  1767 | Sewer    | Entered a sewer
  1854 | Sewer    | Reached skill level 4 in Shapeshifting
  1938 | Sewer    | Reached XP level 5. HP: 34/34 MP: 6/6
  1940 | Sewer    | Reached skill level 1 in Shields
  1993 | Sewer    | Reached *** piety under Qazlal
  2004 | Sewer    | Identified the +5 quarterstaff of the Tundras {heavy, *Rage
                  | rPois Will+ Int+3}
  2104 | D:3      | Noticed Jessica
  2105 | D:3      | Killed Jessica
  2106 | D:3      | Reached XP level 6. HP: 41/41 MP: 7/7
  2200 | D:3      | Found a sparkling altar of Nemelex Xobeh.
  2837 | D:4      | Found a blossoming altar of Fedhas.
  2928 | D:4      | Found a shadowy altar of Dithmenos.
  3121 | D:4      | Found a runed translucent gate.
  3121 | D:4      | Found a runed translucent gate.
  3121 | D:4      | Found a runed translucent gate.
  3122 | D:4      | Found an opulent altar of Gozag.
  3123 | D:4      | Noticed MrSquiggles's ghost (amateur DsWn)
  3123 | D:4      | Noticed a yak
  3516 | D:5      | Entered Level 5 of the Dungeon
  3538 | D:5      | Reached skill level 5 in Shapeshifting
  3538 | D:5      | Reached XP level 7. HP: 36/46 MP: 7/9
  3604 | D:5      | HP: 2/46 [orc/+0 club (3)]
  3744 | D:5      | Found a sand-covered staircase.
  3777 | Ossuary  | Entered an ossuary
  3885 | Ossuary  | Reached **** piety under Qazlal
  4159 | D:5      | Reached XP level 8. HP: 35/53 MP: 10/10
  4443 | D:6      | Noticed Blork the orc
  4453 | D:6      | Killed Blork the orc
  4454 | D:6      | Reached skill level 6 in Shapeshifting
  4462 | D:5      | Reached ***** piety under Qazlal
  4467 | D:5      | Reached skill level 5 in Unarmed Combat
  4678 | D:6      | Killed from afar by an orc priest

Illustrated notes

Levels and vault maps discovered:
D:1:      wander_arrival_chamber, layout_basic,
          shapermc_ecumenical_altar_mp_urbaneastern
D:2:      layout_basic
D:3:      layout_loops_corners, nemelex_xobeh_ov_fountains_minmay,
          gup_sewer_entry_pipe, uniq_jessica
D:4:      layout_gridville, mainiacjoe_overflow_catch_the_wave,
          ebering_ghost_gozag, kennysheep_doodads
D:5:      layout_rooms, enter_ossuary_4, minmay_misc_feat_five
D:6:      layout_cave_pools, uniq_blork_the_orc

Skill      XL: |  1  2  3  4  5  6  7  8 |
---------------+-------------------------+-----
Invocations    | 1 2 3 4 |  4.5
Fighting       | 2 3 4 |  4.5
Shapeshifting  | 4 5 6 |  6.6
Shields        | 1 2 4 |  4.0
Unarmed Combat | 4 5 |  5.3
Dodging        | |  2.0

Action                     |  1- 3 |  4- 6 |  7- 9 || total
---------------------------+-------+-------+-------++-------
  Melee: Unarmed           |    44 |       |       ||    44
         Constrict         |    22 |    21 |    52 ||    95
         Tentacles         |    12 |    14 |    34 ||    60
         Punch             |     1 |       |    11 ||    12
         Rapier            |    22 |   102 |   152 ||   276
 Invoke: Upheaval          |       |       |     1 ||     1
   Stab: Sleeping          |     2 |       |       ||     2
 Armour: Skin              |    26 |    15 |    56 ||    97
  Dodge: Dodged            |    42 |    37 |    50 ||   129
  Block: Buckler           |     2 |    23 |    39 ||    64

Table legend: (Time is in decaauts)
 A = Elapsed time spent in this place.
 B = Non-inter-level travel time spent in this place.
 C = Inter-level travel time spent in this place.
 D = Time resting spent in this place.
 E = Time spent auto-exploring this place.
 F = Levels seen in this place.
 G = Mean time per level.
                   A        B        C        D        E       F      G
               +--------+--------+--------+--------+--------+-----+--------+
         Total |   4625 |   4462 |    163 |    245 |   3345 |   8 |  578.1 |
       Dungeon |   4108 |   3945 |    163 |    201 |   3107 |   6 |  684.7 |
         Sewer |    248 |    248 |      0 |      0 |    118 |   1 |  248.0 |
       Ossuary |    269 |    269 |      0 |     44 |    120 |   1 |  269.0 |
               +--------+--------+--------+--------+--------+-----+--------+

Top non-repeatable levels by time:
     D:3: 851 daAuts
     D:2: 851 daAuts
     D:1: 790 daAuts
     D:4: 751 daAuts
     D:5: 694 daAuts
 Ossuary: 269 daAuts
   Sewer: 248 daAuts
     D:6: 169 daAuts
